AoeStats
← fyerlang

Lombardia

509619496Analyzed
4v4 RM · 4d ago on Sep 27, 2026· 39m 53s· 8 players
Game mode
Random Map
Map size
Large (8 player)
Population
200
Speed
Normal
Resources
Standard
Victory
Conquest
Starting age
Dark Age
Ending age
Imperial Age
RankedLock teamsTeams togetherTeam positionsShared explorationLock speedFull tech treeHidden civsTurbo modeCheats
Victory
Defeat
🇨🇳 Teutons · China
1077
+14
🇮🇳 Franks · India
1070
+14
🇨🇳 Cumans · China
1064
+15
🇭🇰 Poles · Hong Kong SAR China
1033
+16
🇬🇧 Teutons · United Kingdom
1048
-15
🇭🇰 Poles · Hong Kong SAR China
1041
-15
🇨🇳 Khmer · China
1035
-15
🇬🇧 Mapuche · United Kingdom
1014
-14
SeaLs
2:53 Loom
9:47 Feudal Age
10:19 Double-Bit Axe
10:18 Horse Collar
18:27 Castle Age
19:21 Pikeman
22:00 Heavy Plow
22:11 Bow Saw
21:58 Stone Mining
32:02 Imperial Age
31:19 Elite Skirmisher
32:32 Gold Mining
33:07 Ballistics
33:47 Chemistry
33:47 Conscription
33:34 Malon
33:31 Town Watch
34:30 Town Patrol
35:25 Fletching
35:35 Padded Archer Armor
38:13 Gold Shaft Mining
37:05 Halberdier
38:34 Treadmill Crane
39:24 Bombard Tower
szczuply23
0:34 Loom
13:04 Feudal Age
13:58 Horse Collar
14:05 Double-Bit Axe
15:55 Stone Mining
20:01 Castle Age
25:29 Heavy Plow
25:27 Gold Mining
26:16 Bow Saw
38:32 Imperial Age
36:10 Town Watch
39:05 Wheelbarrow
38:55 Fletching
39:06 Scale Mail Armor
39:16 Forging
cl12272003
1:20 Loom
14:46 Feudal Age
15:15 Double-Bit Axe
15:13 Horse Collar
16:27 Gold Mining
19:55 Castle Age
18:42 Forging
18:51 Stone Mining
19:36 Scale Mail Armor
22:22 Bow Saw
22:49 Heavy Plow
23:01 Town Watch
25:00 Wheelbarrow
26:24 Town Patrol
27:27 Hand Cart
30:23 Scale Barding Armor
30:33 Chain Mail Armor
30:55 Iron Casting
31:09 Szlachta Privileges
32:20 Bloodlines
32:20 Caravan
32:34 Husbandry
33:46 Chain Barding Armor
34:25 Stone Shaft Mining
40:34 Imperial Age
電動遊戯
2:46 Loom
11:37 Feudal Age
17:19 Castle Age
15:54 Double-Bit Axe
16:04 Horse Collar
20:14 Fervor
24:16 Wheelbarrow
28:37 Bow Saw
29:16 Stone Mining
31:03 Husbandry
31:14 Bloodlines
31:25 Gold Mining
32:06 Bloodlines
32:15 Pikeman
33:43 Stone Shaft Mining
33:44 Gold Shaft Mining
33:42 Caravan
33:51 Arson
37:17 Imperial Age
35:31 Fletching
35:52 Forging
35:42 Scale Mail Armor
35:48 Scale Barding Armor
35:48 Heavy Plow
36:05 Hand Cart
35:37 Town Watch
36:50 Town Patrol
37:27 Bodkin Arrow
38:08 Iron Casting
37:57 Fortified Wall
38:07 Ballistics
38:24 Conscription
38:04 Double Crossbow
37:29 Halberdier
38:25 Murder Holes
38:43 Siege Engineers
40:12 Chemistry
noob9527
8:37 Loom
10:41 Feudal Age
15:27 Castle Age
14:53 Double-Bit Axe
14:50 Horse Collar
22:14 Wheelbarrow
24:14 Heavy Plow
29:21 Imperial Age
28:21 Hand Cart
30:18 Bloodlines
30:12 Cavalier
30:59 Scale Barding Armor
31:05 Forging
31:36 Bow Saw
32:43 Gold Mining
32:49 Stone Mining
33:43 Scale Mail Armor
34:31 Crop Rotation
34:46 Stone Shaft Mining
35:33 Two-Man Saw
34:59 Forging
34:58 Pikeman
35:24 Arson
35:39 Squires
35:25 Gambesons
35:00 Man-at-Arms
36:25 Chain Mail Armor
36:53 Iron Casting
35:57 Halberdier
37:21 Conscription
36:59 Guard Tower
37:13 Long Swordsman
38:55 Plate Mail Armor
38:36 Two-Handed Swordsman
39:55 Caravan
39:27 Capped Ram
oawanphf2u
8:30 Loom
11:33 Feudal Age
13:24 Double-Bit Axe
16:22 Castle Age
18:08 Bow Saw
23:19 Wheelbarrow
26:11 Hand Cart
26:10 Gold Mining
29:10 Imperial Age
26:56 Scale Barding Armor
27:03 Forging
28:28 Chain Barding Armor
28:50 Gold Shaft Mining
29:33 Iron Casting
29:27 Cavalier
30:08 Husbandry
29:59 Town Watch
31:04 Plate Barding Armor
31:20 Conscription
33:19 Blast Furnace
33:10 Caravan
34:12 Scale Mail Armor
33:44 Paladin
35:34 Chain Mail Armor
38:06 Plate Mail Armor
code monkey HK
12:18 Feudal Age
13:01 Double-Bit Axe
16:08 Stone Mining
16:10 Horse Collar
23:14 Castle Age
21:33 Gold Mining
25:06 Stone Shaft Mining
25:00 Bow Saw
24:51 Heavy Plow
24:58 Scale Barding Armor
25:04 Forging
25:17 Loom
26:08 Wheelbarrow
28:22 Hand Cart
28:35 Hand Cart
28:05 Town Watch
29:06 Szlachta Privileges
32:39 Fervor
35:57 Imperial Age
36:32 Chain Barding Armor
36:47 Iron Casting
36:03 Fletching
36:13 Padded Archer Armor
36:17 Scale Mail Armor
38:09 Crop Rotation
38:09 Conscription
39:02 Hoardings
38:44 Cavalier
39:34 Bloodlines
39:25 Husbandry
fyerlang
10:56 Loom
12:41 Feudal Age
18:20 Castle Age
16:18 Double-Bit Axe
16:45 Horse Collar
19:48 Heavy Plow
20:07 Bow Saw
20:39 Bloodlines
23:01 Fletching
23:40 Padded Archer Armor
25:11 Town Watch
26:10 Bodkin Arrow
27:40 Wheelbarrow
27:54 Leather Archer Armor
29:56 Thumb Ring
31:27 Scale Barding Armor
34:51 Imperial Age
33:00 Chain Barding Armor
34:59 Heavy Cavalry Archer
36:40 Ring Archer Armor
36:45 Parthian Tactics
38:23 Plate Barding Armor
Connection lost

Rejoining the realm…

Still unreachable

The connection could not be restored.

Session expired

The server has moved on; the page needs a fresh start.